 Dungeon Crawl Stone Soup version 0.31.0-11-ge490571c62 (webtiles) character file.

Game seed: 11342534095682810581

3 Ashen the Magician (level 1, -1/13 HPs)
             Began as a Mummy Hedge Wizard on Jan 28, 2024.
             Slain by a goblin
             ... wielding a +0 dagger
              (4 damage)
             ... on level 1 of the Dungeon.
             The game lasted 00:00:19 (158 turns).

Ashen the Magician (Mummy Hedge Wizard)              Turns: 158, Time: 00:00:19

Health: -1/13      AC:  2    Str: 13    XL:     1   Next: 41%
Magic:  1/5        EV: 12    Int: 13    God:
Gold:   0          SH:  0    Dex: 11    Spells: 7/8 levels left

rFire   x . .        a - +0 dagger
rCold   + . .        (no shield)
rNeg    + + +        b - +0 robe
rPois   ∞            c - +0 hat
rElec   .            (no cloak)
rCorr   .            (no gloves)
SInv    .            (no boots)
Will    .....        (no amulet)
Stlth   ++           (no ring)
HPRegen 0.22/turn    (no ring)
MPRegen 0.09/turn

%: faith
@: no status effects
A: cold resistance 1, negative energy resistance 3, torment resistance 2, heat
vulnerability 1, in touch with death 1, no potions, faith
a: no special abilities


You were on level 1 of the Dungeon.
You visited 1 branch of the dungeon, and saw 1 of its levels.

Inventory:

Hand Weapons
 a - a +0 dagger (weapon)
Armour
 b - a +0 robe (worn)
 c - a +0 hat (worn)
Scrolls
 d - a scroll of identify {unknown}


   Skills:
 + Level 1.6 Dodging
 + Level 1.6 Stealth
 + Level 4.0 Spellcasting
 + Level 0.9 Conjurations
 + Level 0.8 Summonings
 + Level 0.8 Translocations


You had 7 spell levels left.
You knew the following spells:

 Your Spells              Type           Power      Damage    Failure   Level
a - Magic Dart            Conj           20%        1d4       14%         1

Your spell library contained the following spells:

 Spells                   Type           Power      Damage    Failure   Level
 Slow                     Hex            8%         N/A       21%         1
 Blink                    Tloc           8%         N/A       22%         2
 Call Imp                 Summ           8%         N/A       22%         2
 Cigotuvi's Dreadful Rot  Necr/Alch/Air  6%         N/A       30%         2
 Mephitic Cloud           Conj/Alch/Air  3%         N/A       50%         3


Dungeon Overview and Level Annotations

Branches:
Dungeon (1/15)

Altars:


Innate Abilities, Weirdness & Mutations

You are immune to poison.
Your flesh is cold resistant. (rC+)
You are immune to negative energy. (rN+++)
You are immune to unholy pain and torment.
You are vulnerable to heat. (rF-)
You are in touch with the powers of death.
You do not drink.
You have a special connection with the divine. (Faith)


Message History

The magic dart hits the hobgoblin.
You kill the hobgoblin!
Casting: Magic Dart (safe; 14% risk of failure)
Confirm with . or Enter, or press ? or * to list all spells.
You don't have enough magic to cast this spell.
Casting: Magic Dart (safe; 14% risk of failure)
Confirm with . or Enter, or press ? or * to list all spells.
You don't have enough magic to cast this spell.
Unknown command.
Unknown command.
Found a spear.
You see here a hobgoblin corpse.
The kobold closely misses you.
You hit the kobold.
The kobold is moderately wounded.
The kobold closely misses you.
You hit the kobold.
The kobold is moderately wounded.
The goblin misses you. The kobold hits you with a +0 club.
You hit the kobold.
The kobold is severely wounded.
The goblin hits you with a +0 dagger. The kobold hits you with a +0 club.
You barely miss the kobold.
The kobold is severely wounded.
The goblin hits you with a +0 dagger. The kobold hits you with a +0 club.
* * * LOW HITPOINT WARNING * * *
You are too injured to fight recklessly!
You barely miss the kobold.
The kobold is severely wounded.
A jackal comes into view.
The goblin hits you with a +0 dagger.
* * * LOW HITPOINT WARNING * * *
The kobold completely misses you.
The jackal barks!
You hit the kobold.
You kill the kobold!
The goblin closely misses you.
A jackal comes into view.
You completely miss the goblin. The goblin hits you with a +0 dagger.
You die...

##........## ...........
#........# #........#
#....$...# #.......#
#........#####.......##
#$...=g..#.............
#....)@†.#.............
.......##...~~~≈~~~≈~~~~
....... #...~~≈≈≈≈≈≈≈≈≈≈
....... #...~≈≈≈≈≈≈≈≈≈≈≈
.hh.... #...~≈≈#'#'#≈≈≈≈
.###### #...~≈≈'(..##'##
#...~≈≈'...#....
#...~~≈#'#'#.###
#....~≈≈≈#...#..


You could see 2 jackals and a goblin.

Vanquished Creatures
  A bat (D:1)
  A hobgoblin (D:1)
  A kobold (D:1)
3 creatures vanquished.

Notes
Turn   | Place    | Note
-------+----------+-------------------------------------------
     0 | D:1      | Ashen the Mummy Hedge Wizard began the quest for the Orb.
     0 | D:1      | Reached XP level 1. HP: 13/13 MP: 5/5
   158 | D:1      | Slain by a goblin

Illustrated notes

Levels and vault maps discovered:
D:1:      dpeg_arrival_castle, layout_basic, serial_shops, shop, minmay_tall_x

Action                     || total
---------------------------++-------
  Melee: Dagger            ||     7
   Cast: Magic Dart        ||     7
 Armour: Robe              ||     7
  Dodge: Dodged            ||     6
